 Dungeon Crawl Stone Soup version 0.27-a0-1325-g58a489ad9e (webtiles) character file.

Game seed: 758137117972982149

66 dinky3 the Sneak (level 3, 0/24 HPs)
             Began as a Spriggan Venom Mage on June 25, 2021.
             Succumbed to an adder's poison
             ... on level 2 of the Dungeon.
             The game lasted 00:05:00 (853 turns).

dinky3 the Sneak (Spriggan Venom Mage)               Turns: 853, Time: 00:05:01

Health: 0/24       AC:  2    Str:  4    XL:     3   Next: 96%
Magic:  7/17       EV: 17    Int: 17    God:
Gold:   57         SH:  0    Dex: 15    Spells: 2/8 levels left

rFire    . . .     SeeInvis +   i - +4 dagger
rCold    . . .     Faith    .   (shield restricted)
rNeg     . . .     Spirit   .   a - +0 robe
rPois    .         Reflect  .   (helmet restricted)
rElec    .         Harm     .   (no cloak)
rCorr    .         Rampage  .   (gloves unavailable)
Will     .....                  (boots unavailable)
Stlth    ..........             (no amulet)
HPRegen  0.08/turn              h - ring of magical power
MPRegen  0.15/turn              (no ring)

@: berserking (expiring), lethally poisoned (0 -> -4), very quick
A: very small, no large weapons, unfitting armour, see invisible, speed 3
a: no special abilities


You were on level 2 of the Dungeon.
You visited 1 branch of the dungeon, and saw 3 of its levels.

You collected 57 gold pieces.

Inventory:

Hand Weapons
 i - a +4 dagger (weapon)
Missiles
 f - 13 poisoned darts (quivered)
Armour
 a - a +0 robe (worn)
Jewellery
 h - a ring of magical power (left hand)
Scrolls
 b - a scroll of enchant armour {unknown}
 c - a scroll of vulnerability {unknown}
 e - 4 scrolls of identify {unknown}


   Skills:
 - Level 2.6 Dodging
 + Level 4.2 Stealth
 + Level 3.4 Spellcasting
 - Level 1.3 Transmutations
 + Level 0.3 Air Magic
 * Level 4.0 Poison Magic


You had 2 spell levels left.
You knew the following spells:

 Your Spells              Type           Power      Damage    Failure   Level
a - Sting                 Tmut/Pois      48%        1d5       5%          1
b - Poisonous Vapours     Pois/Air       20%        N/A       11%         2
c - Mephitic Cloud        Conj/Pois/Air  7%         N/A       28%         3

Your spell library contained the following spells:

 Spells                   Type           Power      Damage    Failure   Level
 Ignite Poison            Fire/Tmut/Pois 9%         N/A       24%         3
 Olgreb's Toxic Radiance  Pois           16%        N/A       32%         4


Dungeon Overview and Level Annotations

Branches:
Dungeon (3/15)

Altars:
Xom


Innate Abilities, Weirdness & Mutations

You are very small and have problems with some larger weapons.
You are too small for most types of armour.
You have supernaturally acute eyesight. (SInv)
You cover ground extremely quickly. (Speed+++)


Message History

The adder hisses angrily.
You miss the quokka. The quokka barely misses you.
A kobold comes into view. It is wielding a +0 short sword.
The quokka misses you.
The kobold moves out of view.
Found 10 gold pieces.
Unknown command.
The quokka bites you.
The kobold shouts!
You hear an angry hiss. x2
A frilled lizard comes into view.
You see here 15 gold pieces.
You now have 57 gold pieces (gained 15).
Something bites the plant.
The plant begins to die.
The quokka misses you. The kobold barely misses you.
Something bites the plant.
The kobold misses you.
You see here a scroll labelled FUNWENT EKUV.
b - a scroll labelled FUNWENT EKUV The kobold misses you.
The frilled lizard misses you. The quokka bites you. The quokka bites you.
Found 14 gold pieces.
The hobgoblin shouts!
The quokka misses you. The adder misses you.
You hit the frilled lizard.
You kill the frilled lizard!
The quokka bites you. The quokka completely misses you. The adder bites you.
You are lethally poisoned!
The adder poisons you! The quokka bites you.
* * * LOW HITPOINT WARNING * * *
Unknown command.
* * * LOW HITPOINT WARNING * * *
You feel sick. The adder closely misses you.
Unknown command.
It was a potion of berserk rage.
A red film seems to cover your vision as you go berserk!
You feel yourself moving faster!
You feel mighty!
* * * LOW HITPOINT WARNING * * *
You feel sick. The quokka closely misses you. The quokka completely misses you.
The adder bites you but does no damage.
You feel a strong urge to attack something.
You die...

#.K. #.l. #... ....l ### ## #....
#.$####♣ ♣.§♣ ..?.. ... ♣♣.P..
.♣♣♣P..♣ .♣♣P♣ ..♣ ♣PP..♣
♣....♣♣♣ ♣P♣♣♣.P. ♣♣♣.♣♣♣@♣♣.♣.♣
♣.P.♣g.P♣♣PP..♣.P..♣..♣
..PP♣P..$♣.♣.rrS.♣P.♣♣♣
♣...♣♣......♣S♣...8..P♣. ♣
♣.♣..♣..♣...#..K#......P .
...P..♣.......)......... P.♣ P
.♣♣.P.♣P..#..._...#...♣. .P ♣
.♣♣♣♣..♣..§.........P..♣.P ♣♣ PP
.P♣♣..P..§§.#...#........♣P♣..♣.♣


You could see 2 adders, 2 quokkas and a kobold.

Vanquished Creatures
  A gnoll (D:2)
  3 adders
  A dart slug (D:2)
  A ball python (D:3)
  An endoplasm (D:3)
  A giant cockroach (D:3)
  2 goblins (D:3)
  3 hobgoblins
  3 jackals (D:2)
  2 quokkas (D:2)
  3 bats (D:1)
  2 frilled lizards (D:2)
  2 kobolds (D:1)
  4 rats (D:3)
29 creatures vanquished.

Vanquished Creatures (others)
  26 plants (D:2)
26 creatures vanquished.

Grand Total: 55 creatures vanquished

Notes
Turn   | Place    | Note
-------+----------+-------------------------------------------
     0 | D:1      | dinky3 the Spriggan Venom Mage began the quest for the Orb.
     0 | D:1      | Reached XP level 1. HP: 9/9 MP: 5/5
   369 | D:2      | Reached XP level 2. HP: 13/13 MP: 4/7
   372 | D:2      | Learned a level 2 spell: Poisonous Vapours
   458 | D:2      | Found a shimmering altar of Xom.
   468 | D:2      | Reached XP level 3. HP: 14/16 MP: 0/8
   642 | D:3      | Learned a level 3 spell: Mephitic Cloud
   851 | D:2      | HP: 1/24 [poisoned by an adder]
   853 | D:2      | Succumbed to an adder's poison

Illustrated notes

Levels and vault maps discovered:
D:1:      minmay_arrival_split_and_join, layout_basic, basic_ecumenical_altar,
          chequers_decorated_corner, hangedman_decor_opposing, chequers_garden
D:2:      wad_woods_stonehenge, layout_basic, minmay_misc_feat_ornament
D:3:      layout_loops_corners, due_unseen_surprise

Skill      XL: |  1  2  3 |
---------------+----------+-----
Spellcasting   | 3 |  3.4
Stealth        | 4 |  4.2
Poison Magic   | 4 |  4.0
Dodging        | |  2.6
Transmutations | |  1.3
Air Magic      | |  0.3

Action                   || total
-------------------------++-------
Melee: Dagger            ||     8
 Cast: Sting             ||    27
       Poisonous Vapours ||    11
  Use: Potion            ||     1
 Stab: Sleeping          ||     3
Armor: Robe              ||     4
Dodge: Dodged            ||    33

Table legend: (Time is in decaauts)
 A = Elapsed time spent in this place.
 B = Non-inter-level travel time spent in this place.
 C = Inter-level travel time spent in this place.
 D = Time resting spent in this place.
 E = Time spent auto-exploring this place.
 F = Levels seen in this place.
 G = Mean time per level.
                   A        B        C        D        E       F      G
               +--------+--------+--------+--------+--------+-----+--------+
         Total |    550 |    550 |      0 |      0 |      0 |   3 |  183.3 |
       Dungeon |    550 |    550 |      0 |      0 |      0 |   3 |  183.3 |
               +--------+--------+--------+--------+--------+-----+--------+

Top non-repeatable levels by time:
     D:2: 216 daAuts
     D:3: 180 daAuts
     D:1: 154 daAuts
